General information
- name: BNet
- type: Ladder team game (AT/RT)
- host: Battle.net
- saver: Berzerk
map: UpperKingdom
- players: 6
- length: 38:22
- speed: Fast
- version: 1.23 W3XP
- replay type: Public
» download(269 KB)
Players
team 1 (loser)
jizzthrower (
orange | 73 APM | 2799 actions | 38:18)
4 Archmage
2 Blizzard
2 Brilliance Aura
1 Blood Mage
1 Flame Strike
» actions
| Assign group hotkey | 41 | |
| Basic commands | 94 | |
| Build / train | 71 | |
| ESC pressed | 1 | |
| Enter build submenu | 22 | |
| Enter hero's abilities submenu | 5 | |
| Remove unit from queue | 3 | |
| Right click | 1068 | |
| Select / deselect | 428 | |
| Select group hotkey | 981 | |
| Use ability | 85 | |
2799 total
» units
| Peasant | 18 | |
| Footman | 5 | |
| Rifleman | 8 | |
| Mortar Team | 6 | |
37 total
» upgrades
| Masonry | 3 | |
| Gunpowder | 3 | |
| Lumber Harvesting | 1 | |
| Long Rifles | 1 | |
| Flare | 1 | |
| Fragmentation Shards | 1 | |
| Armor | 1 | |
11 total
» buildings
| Altar of Kings | 2 | |
| Farm | 14 | |
| Barracks | 1 | |
| Scout Tower | 9 | |
| Arcane Tower | 1 | |
| Arcane Vault | 2 | |
| Blacksmith | 1 | |
| Keep | 1 | |
| Lumber Mill | 1 | |
| Workshop | 3 | |
| Guard Tower | 5 | |
| Town Hall | 1 | |
| Castle | 5 | |
46 total
» build order
00:15 Altar of Kings
00:22 Farm
00:26 Barracks
01:00 Scout Tower
01:35 Farm
01:54 Arcane Tower
02:03 Farm
02:05 Farm
02:15 Arcane Vault
03:52 Blacksmith
04:25 Keep
04:38 Lumber Mill
05:51 Arcane Vault
06:01 Farm
06:02 Farm
06:32 Scout Tower
06:34 Scout Tower
06:34 Scout Tower
06:48 Workshop
06:51 Workshop
07:10 Workshop
07:33 Scout Tower
07:35 Scout Tower
07:45 Scout Tower
08:13 Guard Tower
08:14 Guard Tower
08:23 Guard Tower
09:56 Town Hall
10:17 Altar of Kings
10:20 Scout Tower
10:21 Scout Tower
10:43 Farm
10:44 Farm
10:46 Farm
11:07 Guard Tower
12:56 Castle
12:56 Castle
12:56 Castle
12:57 Castle
13:10 Farm
13:10 Farm
13:10 Farm
15:05 Guard Tower
» items
tICKLE-mE-eLMO (
teal | 61 APM | 2339 actions | 38:15)
4 Death Knight
2 Death Coil
2 Unholy Aura
4 Lich
2 Frost Nova
2 Frost Armor
2 Crypt Lord
1 Impale
1 Spiked Carapace
» actions
| Assign group hotkey | 187 | |
| Basic commands | 184 | |
| Build / train | 59 | |
| ESC pressed | 6 | |
| Enter build submenu | 19 | |
| Enter hero's abilities submenu | 10 | |
| Right click | 851 | |
| Select / deselect | 351 | |
| Select group hotkey | 576 | |
| Use ability | 96 | |
2339 total
» units
| Acolyte | 2 | |
| Ghoul | 3 | |
| Crypt Fiend | 13 | |
| Obsidian Statue | 5 | |
| Frost Wyrm | 6 | |
29 total
» upgrades
» buildings
| Graveyard | 1 | |
| Crypt | 1 | |
| Altar of Darkness | 1 | |
| Ziggurat | 7 | |
| Tomb of Relics | 2 | |
| Halls of the Dead | 1 | |
| Spirit Tower | 4 | |
| Slaughterhouse | 1 | |
| Black Citadel | 1 | |
| Sacrificial Pit | 1 | |
| Boneyard | 2 | |
22 total
» build order
00:10 Graveyard
00:12 Crypt
00:41 Altar of Darkness
00:49 Ziggurat
01:15 Tomb of Relics
01:52 Ziggurat
03:32 Ziggurat
04:39 Halls of the Dead
04:49 Spirit Tower
05:04 Spirit Tower
05:32 Spirit Tower
06:18 Ziggurat
08:24 Slaughterhouse
09:43 Black Citadel
10:19 Ziggurat
12:01 Sacrificial Pit
12:06 Tomb of Relics
13:54 Boneyard
14:35 Ziggurat
18:58 Boneyard
18:59 Ziggurat
20:00 Spirit Tower
» items
| Rod of Necromancy | 1 | |
| Scroll of Town Portal | 7 | |
| Potion of Healing | 1 | |
9 total
vict0ry. (
green | 57 APM | 2186 actions | 38:12)
6 Pandaren Brewmaster
3 Breath of Fire
2 Drunken Haze
1 Storm Earth and Fire
» actions
| Basic commands | 52 | |
| Build / train | 100 | |
| ESC pressed | 2 | |
| Enter build submenu | 32 | |
| Enter hero's abilities submenu | 6 | |
| Remove unit from queue | 1 | |
| Right click | 1265 | |
| Select / deselect | 582 | |
| Use ability | 145 | |
2186 total
» units
» upgrades
| Strength of the Wild | 3 | |
| Reinforced Hides | 3 | |
| Abolish Magic | 1 | |
| Ultravision | 1 | |
8 total
» buildings
| Altar of Elders | 1 | |
| Moon Well | 11 | |
| Hunter's Hall | 1 | |
| Ancient of War | 2 | |
| Ancient Protector | 4 | |
| Tree of Life | 6 | |
| Tree of Ages | 3 | |
| Ancient of Lore | 4 | |
| Ancient of Wonders | 2 | |
| Tree of Eternity | 1 | |
35 total
» build order
00:14 Altar of Elders
00:23 Moon Well
01:51 Hunter's Hall
01:57 Ancient of War
02:17 Ancient of War
02:39 Moon Well
03:28 Moon Well
03:36 Ancient Protector
04:16 Ancient Protector
04:21 Moon Well
04:52 Ancient Protector
05:01 Ancient Protector
06:45 Tree of Life
07:46 Tree of Ages
08:36 Tree of Life
10:28 Ancient of Lore
10:42 Ancient of Lore
11:26 Ancient of Wonders
13:52 Ancient of Lore
13:56 Ancient of Lore
14:26 Moon Well
14:49 Moon Well
16:08 Moon Well
16:48 Tree of Life
18:56 Tree of Ages
20:58 Moon Well
26:09 Tree of Eternity
27:43 Moon Well
28:32 Tree of Life
29:16 Tree of Life
31:06 Ancient of Wonders
31:31 Tree of Life
32:55 Moon Well
33:48 Moon Well
35:57 Tree of Ages
» items
| Scroll of Town Portal | 3 | |
| Orb of Corruption | 1 | |
| Scroll of Healing | 2 | |
| Potion of Mana | 1 | |
| Potion of Healing | 1 | |
8 total
team 2 (winner)
Berzerk (
yellow | 79 APM | 3047 actions | 38:22)
7 Priestess of the Moon
3 Searing Arrows
3 Trueshot Aura
1 Starfall
» actions
| Assign group hotkey | 130 | |
| Basic commands | 89 | |
| Build / train | 58 | |
| ESC pressed | 2 | |
| Enter build submenu | 20 | |
| Enter hero's abilities submenu | 7 | |
| Give item / drop item | 1 | |
| Right click | 1662 | |
| Select / deselect | 410 | |
| Select group hotkey | 616 | |
| Use ability | 52 | |
3047 total
» units
| Wisp | 21 | |
| Huntress | 9 | |
| Archer | 9 | |
| Glaive Thrower | 3 | |
42 total
» upgrades
| Moon Armor | 2 | |
| Strength of the Moon | 1 | |
3 total
» buildings
| Altar of Elders | 1 | |
| Moon Well | 9 | |
| Hunter's Hall | 2 | |
| Ancient of War | 5 | |
| Tree of Life | 1 | |
18 total
» build order
00:07 Altar of Elders
00:09 Moon Well
02:01 Hunter's Hall
02:10 Ancient of War
02:14 Ancient of War
02:21 Ancient of War
02:24 Moon Well
03:48 Moon Well
07:47 Moon Well
22:40 Tree of Life
27:08 Moon Well
30:00 Ancient of War
30:13 Ancient of War
30:29 Moon Well
30:49 Moon Well
31:11 Moon Well
31:58 Hunter's Hall
34:54 Moon Well
» items
| Scroll of Town Portal | 2 | |
| Potion of Healing | 2 | |
| Dust of Appearance | 1 | |
5 total
DoMakeSayThink- (
blue | 116 APM | 4429 actions | 38:18)
6 Death Knight
3 Death Coil
2 Unholy Aura
1 Animate Dead
4 Lich
2 Frost Nova
2 Frost Armor
5 Crypt Lord
3 Impale
2 Spiked Carapace
» actions
| Assign group hotkey | 46 | |
| Basic commands | 160 | |
| Build / train | 72 | |
| Enter build submenu | 16 | |
| Enter hero's abilities submenu | 16 | |
| Give item / drop item | 1 | |
| Right click | 1737 | |
| Select / deselect | 561 | |
| Select group hotkey | 1706 | |
| Use ability | 114 | |
4429 total
» units
| Acolyte | 5 | |
| Ghoul | 3 | |
| Crypt Fiend | 9 | |
| Obsidian Statue | 2 | |
| Frost Wyrm | 2 | |
21 total
» upgrades
| Creature Attack | 2 | |
| Creature Carapace | 2 | |
| Burrow | 1 | |
| Web | 1 | |
| Destroyer Form | 1 | |
7 total
» buildings
| Crypt | 1 | |
| Graveyard | 1 | |
| Altar of Darkness | 1 | |
| Ziggurat | 6 | |
| Tomb of Relics | 2 | |
| Nerubian Tower | 1 | |
| Halls of the Dead | 3 | |
| Slaughterhouse | 1 | |
| Black Citadel | 2 | |
| Sacrificial Pit | 1 | |
| Boneyard | 1 | |
| Spirit Tower | 1 | |
21 total
» build order
00:07 Crypt
00:12 Graveyard
00:17 Altar of Darkness
00:37 Ziggurat
00:59 Tomb of Relics
01:49 Ziggurat
02:16 Nerubian Tower
03:29 Ziggurat
04:21 Halls of the Dead
04:21 Halls of the Dead
04:21 Halls of the Dead
05:35 Ziggurat
07:02 Slaughterhouse
07:45 Black Citadel
07:46 Black Citadel
08:24 Sacrificial Pit
08:26 Ziggurat
08:33 Ziggurat
10:14 Boneyard
14:48 Tomb of Relics
14:50 Spirit Tower
» items
| Rod of Necromancy | 5 | |
| Orb of Corruption | 1 | |
| Scroll of Town Portal | 1 | |
7 total
The-WorsT (
red | 63 APM | 2418 actions | 38:18)
4 Keeper of the Grove
2 Entangling Roots
2 Force of Nature
4 Firelord
2 Summon Lava Spawn
2 Incinerate
» actions
| Assign group hotkey | 7 | |
| Basic commands | 5 | |
| Build / train | 86 | |
| Enter build submenu | 22 | |
| Enter hero's abilities submenu | 8 | |
| Give item / drop item | 3 | |
| Remove unit from queue | 6 | |
| Right click | 1553 | |
| Select / deselect | 538 | |
| Select group hotkey | 83 | |
| Use ability | 107 | |
2418 total
» units
| Wisp | 46 | |
| Huntress | 7 | |
| Dryad | 3 | |
| Mountain Giant | 2 | |
| Archer | 4 | |
62 total
» upgrades
| Abolish Magic | 1 | |
| Hardened Skin | 1 | |
| Resistant Skin | 1 | |
3 total
» buildings
| Altar of Elders | 1 | |
| Moon Well | 4 | |
| Ancient of War | 2 | |
| Hunter's Hall | 1 | |
| Tree of Life | 4 | |
| Tree of Ages | 1 | |
| Ancient of Lore | 3 | |
| Ancient of Wonders | 1 | |
| Tree of Eternity | 1 | |
| Ancient Protector | 3 | |
21 total
» build order
00:07 Altar of Elders
00:19 Moon Well
01:28 Ancient of War
01:57 Hunter's Hall
02:15 Moon Well
02:36 Ancient of War
03:14 Moon Well
04:45 Tree of Life
05:01 Tree of Ages
05:36 Moon Well
07:23 Ancient of Lore
07:24 Ancient of Lore
08:19 Ancient of Wonders
08:21 Tree of Eternity
12:07 Tree of Life
17:13 Ancient Protector
17:15 Ancient Protector
17:17 Ancient Protector
18:40 Ancient of Lore
23:41 Tree of Life
35:14 Tree of Life
» items
Chat log
(00:14 / Allies) Berzerk: we have ot win
(00:18 / Allies) Berzerk: i hate these scrubs
(00:31 / Allies) DoMakeSayThink-: k then dont suck
(00:40 / Allies) Berzerk: lol
(00:44 / Allies) DoMakeSayThink-: same position as last game
(00:50 / Allies) DoMakeSayThink-: positions
(01:04 / Allies) DoMakeSayThink-: DEJA VU MAN
(01:05 / Allies) Berzerk: im potm agian
(01:05 / Allies) Berzerk: right
(01:06 / Allies) DoMakeSayThink-: WTFFFFF
(01:11 / Allies) The-WorsT: yup
(01:19 / Allies) DoMakeSayThink-: different song is playing though
(01:41 / Allies) DoMakeSayThink-: late altar
(02:00 / Allies) DoMakeSayThink-: towered
(02:28 / Allies) The-WorsT: ?
(03:05 / Allies) Berzerk: well
(03:35 / Allies) Berzerk: tangle?
(04:27 / Allies) DoMakeSayThink-: send wisp to expo
(04:47 / Allies) The-WorsT: gold me
(04:48 / Allies) Berzerk: oops
(04:49 / Allies) Berzerk: give to blue
(04:52 / Allies) Berzerk: nvm
(04:52 / Allies) The-WorsT: its ok
(04:53 / Allies) Berzerk: keep it
(04:54 / Allies) Berzerk: lol
(04:56 / Allies) DoMakeSayThink-: omg
(05:01 / Allies) DoMakeSayThink-: shaft
(05:15 / Allies) The-WorsT: jack more
(05:29 / Allies) The-WorsT: lets get
(05:31 / Allies) The-WorsT: green mian
(05:47 / Allies) The-WorsT: main
(05:57 / Allies) Berzerk: fuck that
(05:57 / Allies) The-WorsT: damn
(06:06 / Allies) DoMakeSayThink-: lol
(06:15 / Allies) The-WorsT: hhmm
(06:22 / Allies) DoMakeSayThink-: clear
(06:32 / Allies) Berzerk: check
(06:54 / Allies) Berzerk: creep it?
(06:58 / Allies) DoMakeSayThink-: coming
(07:03 / Allies) Berzerk: pull them
(07:07 / Allies) DoMakeSayThink-: fight
(07:20 / Allies) The-WorsT: cc
(07:36 / Allies) DoMakeSayThink-: qwood
(07:40 / Allies) DoMakeSayThink-: clear
(07:43 / Allies) DoMakeSayThink-: wood
(07:46 / Allies) DoMakeSayThink-: kk
(07:48 / Allies) The-WorsT: expo yellow
(07:59 / Allies) DoMakeSayThink-: hit?
(08:00 / Allies) Berzerk: dkis dagger
(08:01 / Allies) DoMakeSayThink-: or reds
(08:07 / Allies) Berzerk: check
(08:37 / Allies) Berzerk: towers
(08:58 / Allies) DoMakeSayThink-: ignore
(09:00 / Allies) The-WorsT: save epxo?
(09:02 / Allies) DoMakeSayThink-: force tp
(09:04 / Allies) The-WorsT: mian
(09:05 / Allies) The-WorsT: mian
(09:07 / Allies) The-WorsT: main
(09:36 / Allies) Berzerk: b up
(09:37 / Allies) Berzerk: meh
(09:44 / Allies) Berzerk: b please
(09:46 / Allies) DoMakeSayThink-: ugh
(09:53 / Allies) DoMakeSayThink-: fucking peasants
(10:03 / Allies) DoMakeSayThink-: lol
(10:31 / Allies) DoMakeSayThink-: gold
(10:41 / Allies) The-WorsT: wood
(10:59 / Allies) Berzerk: got pendant of energy or someone
(11:17 / Allies) Berzerk: blue
(11:18 / Allies) DoMakeSayThink-: come
(11:19 / Allies) DoMakeSayThink-: gogo
(11:19 / Allies) Berzerk: let melead
(11:46 / Allies) DoMakeSayThink-: fuck
(11:49 / Allies) Berzerk: lets hit
(11:50 / Allies) Berzerk: now
(12:00 / Allies) The-WorsT: wood
(12:44 / Allies) Berzerk: move red
(13:11 / Allies) DoMakeSayThink-: mother fuck
(13:44 / Allies) DoMakeSayThink-: gotta get hall soon
(13:46 / Allies) DoMakeSayThink-: teals in my base
(13:54 / Allies) The-WorsT: orange maybe in mine
(13:55 / Allies) The-WorsT: soon
(14:51 / Allies) The-WorsT: gold
(15:06 / Allies) DoMakeSayThink-: hit now
(15:17 / Allies) Berzerk: red?
(15:29 / Allies) DoMakeSayThink-: thats teal
(15:31 / Allies) DoMakeSayThink-: go fuck him up>
(15:57 / Allies) The-WorsT: ?
(16:01 / Allies) DoMakeSayThink-: mother fucjk!
(16:05 / Allies) Berzerk: jsut hit
(16:13 / Allies) DoMakeSayThink-: fucking annoying fuckers
(16:17 / Allies) DoMakeSayThink-: send wisps all over the place
(16:17 / Allies) Berzerk: tower noobs
(16:55 / Allies) DoMakeSayThink-: i dont have a tp
(16:59 / Allies) Berzerk: want mine?
(17:02 / Allies) DoMakeSayThink-: yes
(17:09 / Allies) DoMakeSayThink-: now
(18:04 / All) jizzthrower: god i hate lucky noobs
(18:06 / All) Berzerk: stfu
(18:09 / All) Berzerk: stupid scrub
(18:11 / All) DoMakeSayThink-: keep running newbs
(18:11 / All) jizzthrower: ya okay bitch
(18:15 / All) jizzthrower: you gotta use dual ne ud
(18:17 / All) DoMakeSayThink-: u guys cant fucking fight
(18:20 / All) DoMakeSayThink-: so u run around
(18:21 / All) jizzthrower: YOU ARE SO FUCKING LUCKY IF YOU WIN THIS
(18:22 / All) DoMakeSayThink-: and buy tps constantly
(18:28 / All) DoMakeSayThink-: fucking microless douchefags
(18:33 / All) jizzthrower: LOL
(18:37 / All) jizzthrower: keep thinking that
(18:42 / All) jizzthrower: why would i micro vs you
(18:43 / All) Berzerk: called skill
(18:50 / All) Berzerk: something you lack
(18:50 / All) jizzthrower: is it?
(18:52 / All) tICKLE-mE-eLMO: i forgot mass hunts took micro
(18:55 / Allies) The-WorsT: wood?
(18:56 / All) jizzthrower: dual ne ud is skill?
(19:02 / Allies) DoMakeSayThink-: dude they are trying to kill all buildings
(19:20 / Allies) DoMakeSayThink-: coming
(19:31 / All) DoMakeSayThink-: tp again
(19:38 / All) DoMakeSayThink-: how many tps u guys use?
(19:39 / All) tICKLE-mE-eLMO: i kille your hero
(19:41 / All) jizzthrower: omfg you guys are scrubs
(19:43 / All) tICKLE-mE-eLMO: why would i fight 1v3
(19:49 / All) jizzthrower: you fucking know you should not win this
(19:51 / All) jizzthrower: we raped you
(19:51 / Allies) DoMakeSayThink-: what should we kill
(19:54 / All) jizzthrower: but you got lucky
(19:58 / All) Berzerk: you lost it for them jizz
(20:00 / All) Berzerk: you are terrible
(20:03 / All) jizzthrower: lol
(20:05 / Allies) DoMakeSayThink-: dont have a tp
(20:05 / All) jizzthrower: ya okay
(20:10 / All) jizzthrower: nice hall dickhead
(20:12 / All) jizzthrower: you wish
(20:16 / All) jizzthrower: you know we raped you'
(20:21 / All) jizzthrower: one misclick saved you
(20:22 / Allies) DoMakeSayThink-: SEND
(20:23 / Allies) DoMakeSayThink-: WISPS
(20:25 / Allies) DoMakeSayThink-: ALL OVE THE PLACE
(20:28 / All) jizzthrower: one bitch
(20:29 / All) jizzthrower: one
(20:46 / Allies) DoMakeSayThink-: come here now
(20:56 / Allies) DoMakeSayThink-: fuckiong come here
(21:01 / Allies) DoMakeSayThink-: are u stupid
(21:10 / All) jizzthrower: hey i am good all i can do is dual ne ud feed to frost
(21:38 / All) jizzthrower: NICE MICRO NOOBS
(21:56 / Allies) Berzerk: dryads
(21:58 / Allies) Berzerk: with fiends
(22:31 / All) jizzthrower: GOD YOU LUCKY FUCKS
(22:58 / All) jizzthrower: why are you revealed?
(23:02 / All) jizzthrower: is that because you can't build?
(23:14 / Allies) The-WorsT: gold me
(23:19 / Allies) The-WorsT: and i will build
(23:56 / All) jizzthrower: lol you lucky motherfuckers
(24:01 / All) DoMakeSayThink-: gtfo
(24:05 / All) jizzthrower: you can take this win but you know you got owned
(24:07 / All) DoMakeSayThink-: we had less units in that battle
(24:08 / All) Berzerk: /cry
(24:11 / All) DoMakeSayThink-: and u fucking type mid battle
(24:13 / All) jizzthrower: not crying
(24:14 / All) DoMakeSayThink-: "NICE MICRO"
(24:16 / All) DoMakeSayThink-: THEN U LOST
(24:17 / All) The-WorsT: we got owned and we won?
(24:19 / All) DoMakeSayThink-: WHAT U GOT NOW
(24:21 / All) DoMakeSayThink-: HJUH?
(24:28 / All) Berzerk: any victory over a scrub like you is satisfying
(24:29 / All) jizzthrower: you really think you WON this game?
(24:31 / All) jizzthrower: really?
(24:35 / All) jizzthrower: you WON IT?
(24:36 / All) The-WorsT: nop
(24:43 / All) Berzerk: the message saying "victory" is what showsme i won
(25:05 / Allies) DoMakeSayThink-: ASLTSR
(25:06 / Allies) DoMakeSayThink-: ALTAR
(25:32 / Allies) DoMakeSayThink-: stop wyrms
(25:35 / Allies) DoMakeSayThink-: i dont have any fiends
(25:38 / All) jizzthrower: sad that you got a win out of this
(25:45 / All) jizzthrower: lol dual ne ud bitches
(25:56 / All) jizzthrower: ever try hu?
(25:57 / All) DoMakeSayThink-: what? i play ud, they play ne
(25:59 / All) jizzthrower: or any other race?
(25:59 / All) DoMakeSayThink-: what fucking difference does it make?
(26:07 / All) jizzthrower: because dual ne ud is imba
(26:11 / All) jizzthrower: and you know it
(26:13 / All) DoMakeSayThink-: then play as it?
(26:22 / All) DoMakeSayThink-: ive raped ud ne ne with many race combos
(26:30 / All) jizzthrower: i like to try all aspects of the game?
(26:36 / All) jizzthrower: you got raped this game
(26:41 / All) DoMakeSayThink-: and i dont?
(26:59 / Allies) Berzerk: 20 gold
(27:17 / Allies) Berzerk: he probly rebuilt
(27:41 / Allies) DoMakeSayThink-: we cant fifght that alione
(27:44 / Allies) The-WorsT: gold for hero
(27:52 / Allies) DoMakeSayThink-: i thought u had an expo
(27:59 / Allies) Berzerk: damn yo
(28:03 / Allies) DoMakeSayThink-: stay with us
(28:05 / Allies) Berzerk: hismines still up
(28:12 / Allies) Berzerk: this is bad
(28:19 / Allies) DoMakeSayThink-: yeah we lost
(28:32 / Allies) DoMakeSayThink-: we needed seige
(28:39 / Allies) DoMakeSayThink-: dude i fuckinf told u to send wisps
(28:45 / Allies) DoMakeSayThink-: so early
(28:58 / Allies) DoMakeSayThink-: we cant lose that
(29:06 / Allies) DoMakeSayThink-: move on
(29:10 / Allies) DoMakeSayThink-: stop their gold
(29:49 / Allies) Berzerk: what you want me to get
(29:56 / Allies) The-WorsT: archers
(29:57 / Allies) DoMakeSayThink-: hes got a fuckload of dryads
(30:02 / Allies) DoMakeSayThink-: can we even fight that?
(30:18 / Allies) DoMakeSayThink-: i aim for lich wyrm and heroi
(30:24 / Allies) DoMakeSayThink-: u guys kill dryads
(30:25 / Allies) Berzerk: should i even sf?
(30:30 / Allies) DoMakeSayThink-: can they stop it?
(31:11 / Allies) DoMakeSayThink-: where are they
(31:25 / Allies) Berzerk: 3-2 dryads
(31:27 / Allies) Berzerk: this is bad
(31:34 / Allies) DoMakeSayThink-: pump those arches
(31:43 / Allies) DoMakeSayThink-: get gliaves
(32:20 / Allies) The-WorsT: make more wisps
(32:25 / Allies) The-WorsT: all over the map
(32:27 / Allies) DoMakeSayThink-: yes
(32:38 / Allies) DoMakeSayThink-: kill orange
(32:47 / Allies) DoMakeSayThink-: green can feed him
(32:49 / Allies) Berzerk: stay together
(32:57 / Allies) DoMakeSayThink-: they are here
(33:02 / Allies) DoMakeSayThink-: come
(33:06 / Allies) The-WorsT: gold me
(33:12 / Allies) DoMakeSayThink-: shit
(33:16 / Allies) The-WorsT: gold for expo
(33:19 / Allies) DoMakeSayThink-: we gotta fight them
(33:32 / Allies) The-WorsT: gold me
(33:45 / Allies) The-WorsT: keep doing it
(34:07 / Allies) DoMakeSayThink-: make it over there
(34:07 / Allies) The-WorsT: we are wasting time
(34:17 / Allies) DoMakeSayThink-: whats the elf making?
(34:29 / Allies) DoMakeSayThink-: what about that
(34:30 / Allies) The-WorsT: gold
(34:33 / Allies) The-WorsT: go kill it
(34:41 / Allies) The-WorsT: 100 gold
(34:44 / Allies) DoMakeSayThink-: stay togethewr
(34:57 / Allies) Berzerk: slow down
(35:03 / Allies) The-WorsT: gold me
(35:14 / Allies) DoMakeSayThink-: what if rthey hit u
(35:18 / Allies) DoMakeSayThink-: which is what they will do
(35:26 / Allies) DoMakeSayThink-: see
(35:31 / Allies) The-WorsT: walk?
(35:38 / Allies) DoMakeSayThink-: go
(35:43 / Allies) DoMakeSayThink-: we gota fight tghem
(36:05 / Allies) The-WorsT: repair
(36:05 / Allies) DoMakeSayThink-: starfall this shit
(36:10 / Allies) DoMakeSayThink-: GO
(36:10 / Allies) DoMakeSayThink-: GO
(36:20 / Allies) The-WorsT: no
(36:21 / Allies) The-WorsT: dont use it
(36:22 / Allies) DoMakeSayThink-: MOTHER FUCK
(36:30 / Allies) DoMakeSayThink-: find teal
(36:31 / Allies) DoMakeSayThink-: fuck
(36:37 / Allies) DoMakeSayThink-: we have no buildings
(36:45 / Allies) DoMakeSayThink-: they gonna come back
(36:47 / Allies) The-WorsT: rebuild
(36:56 / Allies) DoMakeSayThink-: oim going here
(37:03 / All) jizzthrower: god you fucks know this game shoudl be over
(37:12 / All) jizzthrower: just have a backbone and leave cause you know you got raped
(37:22 / All) Berzerk: get carried more scrub
(37:26 / All) jizzthrower: lol
(37:30 / All) jizzthrower: keep thinking that
(37:36 / All) DoMakeSayThink-: die newb
(37:47 / All) jizzthrower: god it is funny how you talk like you are good
(37:50 / All) jizzthrower: and you know you got lucky
(37:53 / All) jizzthrower: YOU FUCKING KNOW YOU DID